 Dungeon Crawl Stone Soup version 0.22.1-1-ga44c0e56f4 (webtiles) character file.

1751 anderskm the Grappler (level 8, -7/74 HPs)
             Began as a Troll Berserker on Oct 3, 2018.
             Was an Elder of Trog.
             Mangled by Prince Ribbit (14 damage)
             ... on level 6 of the Dungeon on Oct 8, 2018.
             The game lasted 00:31:41 (4854 turns).

anderskm the Grappler (Troll Berserker)             Turns: 4854, Time: 00:31:42

Health: -7/74      AC:  5    Str: 28    XL:     8   Next: 78%
Magic:  7/7        EV: 10    Int:  3    God:    Trog [****..]
Gold:   127        SH:  0    Dex:  9    Spells: 7/7 levels left

rFire    x . .     SeeInvis .     - Unarmed
rCold    + . .     Gourm    +   (no shield)
rNeg     . . .     Faith    .   k - +0 robe
rPois    .         Spirit   .   (helmet restricted)
rElec    .         Reflect  .   (no cloak)
rCorr    .         Harm     .   (gloves unavailable)
MR       .....                  (boots unavailable)
Stlth    +.........             u - amulet of rage
HPRegen  0.62/turn              z - ring of ice
MPRegen  0.10/turn              (no ring)

@: no status effects
A: large, unfitting armour, claws 3, fast metabolism 3, gourmand, regeneration
1, shaggy fur 1, tough skin 2
a: Berserk, Trog's Hand, Brothers in Arms, Renounce Religion, Evoke Berserk Rage


You were on level 6 of the Dungeon.
You worshipped Trog.
Trog was greatly pleased with you.
You were not hungry.

You visited 1 branch of the dungeon, and saw 6 of its levels.

You collected 127 gold pieces.

Inventory:

Hand Weapons
 A - a +0 giant club
Missiles
 q - 4 tomahawks (quivered)
Armour
 a - a +0 animal skin
 c - a +2 helmet
 j - a +0 ring mail
 k - a +0 robe (worn)
 n - a +0 chain mail
 r - a +0 ring mail
 w - a +0 leather armour
Magical Staves
 o - an uncursed staff of air {unknown}
Jewellery
 u - an amulet of rage (around neck)
 z - a ring of ice (left claw)
Wands
 x - a wand of disintegration (12)
Scrolls
 d - 3 scrolls of fear {unknown}
 e - 4 scrolls of remove curse {unknown}
 f - a scroll of amnesia {unknown}
 g - 2 scrolls of enchant armour {unknown}
 h - a scroll of fog {unknown}
 l - 5 scrolls of identify {unknown}
 p - 2 scrolls of teleportation {unknown}
Potions
 i - 2 potions of ambrosia {unknown}
 m - 2 potions of lignification
 s - a potion of might {unknown}
 v - 2 potions of heal wounds {unknown}


   Skills:
 - Level 2.5 Fighting
 - Level 2.6 Dodging
 * Level 11.4 Unarmed Combat


You had 7 spell levels left.
You didn't know any spells.
Your spell library was empty.

Dungeon Overview and Level Annotations

Branches:
Dungeon (6/15)             Temple (0/1) D:6

Altars:
Ashenzari
Cheibriados
Gozag
Qazlal
Ru
Uskayaw
The Shining One

Annotations:
D:6 Prince Ribbit


Innate Abilities, Weirdness & Mutations

You are too large for most types of armour.
You have claws for hands.
Your metabolism is lightning-fast.
You like to eat raw meat.
Your natural rate of healing is unusually fast.
You are covered in fur. (AC +1)
You have very tough skin. (AC +2)


Message History

Prince Ribbit blinks!
Prince Ribbit barely misses you.
You closely miss Prince Ribbit. Prince Ribbit hits you!
You closely miss Prince Ribbit. Prince Ribbit hits you!!
Prince Ribbit closely misses you.
You claw Prince Ribbit!
Prince Ribbit is moderately wounded.
Prince Ribbit hits you!!
* * * LOW HITPOINT WARNING * * *
You miss Prince Ribbit.
Prince Ribbit is moderately wounded.
Prince Ribbit closely misses you.
You barely miss Prince Ribbit.
Prince Ribbit is moderately wounded.
Prince Ribbit hits you!
* * * LOW HITPOINT WARNING * * *
You barely miss Prince Ribbit.
Prince Ribbit is moderately wounded.
Prince Ribbit hits you!
You die...

.# #.# .# #.# .#
###.# .# #...# .#.#
# #.### .#.# ####.#
#.# .#.# #....# #.#
.#.# #.# #.# .#.#
#@# #.# .#.#########
#F# #.# ...........#
#.# #.# ...####.##.#
#.#.# #.#
......(.##)# #.#.#
#.# ..#####.##.#
#.#.# #.# #?#
##....# #.#.# #.#
#.# ##.#.#.# #.#.#
#.#
#.###.###..#####.#.#
#)#


You could see Prince Ribbit.

Vanquished Creatures
  Grinder (D:3)
  Sigmund (D:6)
  Edmund (D:6)
  A sky beast (D:6)
  An orc warrior (D:6)
  3 ogres
  2 centaurs (D:6)
  A scorpion (D:4)
  A howler monkey (D:5)
  A crimson imp (D:4)
  A bullfrog zombie (D:5)
  3 hounds
  3 centaur skeletons
  An orc wizard (D:6)
  Natasha (twice) (D:2)
  4 worker ants
  4 adders
  2 oozes
  2 worms
  3 dart slugs
  3 leopard geckos
  12 orcs
  A ball python (D:3)
  6 bats
  6 giant cockroaches
  8 goblins
  10 hobgoblins
  7 jackals
  7 kobolds
  4 quokkas
  5 frilled lizards
  2 hobgoblin zombies (D:4)
  2 kobold zombies (D:4)
  An orc skeleton (D:4)
  2 orc zombies (D:4)
  13 rats
127 creatures vanquished.

Notes
Turn   | Place    | Note
-------+----------+-------------------------------------------
     0 | D:1      | anderskm the Troll Berserker began the quest for the Orb.
     0 | D:1      | Reached XP level 1. HP: 22/22 MP: 0/0
    71 | D:1      | Reached XP level 2. HP: 29/29 MP: 1/1
   658 | D:2      | Reached XP level 3. HP: 36/36 MP: 2/2
   667 | D:2      | Reached ** piety under Trog
   667 | D:2      | Reached skill level 4 in Unarmed Combat
   907 | D:2      | Reached XP level 4. HP: 35/44 MP: 3/3
   936 | D:2      | Noticed Natasha
   961 | D:2      | Killed Natasha
   961 | D:2      | Reached skill level 5 in Unarmed Combat
  1059 | D:2      | Found a glowing golden altar of the Shining One.
  1239 | D:2      | Noticed Natasha
  1244 | D:2      | Killed Natasha
  1244 | D:2      | Reached XP level 5. HP: 50/50 MP: 4/4
  1381 | D:3      | Reached *** piety under Trog
  1460 | D:3      | Found a sacrificial altar of Ru.
  1557 | D:3      | Reached skill level 6 in Unarmed Combat
  1677 | D:3      | Noticed Grinder
  1683 | D:3      | Paralysed by Grinder for 2 turns
  1688 | D:3      | Paralysed by Grinder for 4 turns
  1716 | D:3      | Paralysed by Grinder for 2 turns
  1724 | D:3      | Killed Grinder
  1724 | D:3      | Reached skill level 7 in Unarmed Combat
  1724 | D:3      | Reached XP level 6. HP: 9/59 MP: 5/5
  2657 | D:4      | Found a glowing golden altar of the Shining One.
  2785 | D:4      | Reached skill level 8 in Unarmed Combat
  2785 | D:4      | Reached XP level 7. HP: 47/66 MP: 6/6
  3044 | D:4      | Found a stormy altar of Qazlal.
  3468 | D:5      | Entered Level 5 of the Dungeon
  3542 | D:5      | Found an opulent altar of Gozag.
  3544 | D:5      | Found a shattered altar of Ashenzari.
  3824 | D:5      | Found a hide-covered altar of Uskayaw.
  3927 | D:5      | Found a snail-covered altar of Cheibriados.
  3987 | D:5      | Reached skill level 9 in Unarmed Combat
  4193 | D:6      | Reached XP level 8. HP: 38/74 MP: 7/7
  4223 | D:6      | Noticed Sigmund
  4244 | D:6      | Killed Sigmund
  4244 | D:6      | Reached skill level 10 in Unarmed Combat
  4482 | D:6      | Noticed Edmund
  4490 | D:6      | Killed Edmund
  4561 | D:6      | Reached **** piety under Trog
  4619 | D:6      | Reached skill level 11 in Unarmed Combat
  4776 | D:6      | Found a staircase to the Ecumenical Temple.
  4847 | D:6      | Noticed Prince Ribbit
  4854 | D:6      | Mangled by Prince Ribbit

Skill      XL: |  1  2  3  4  5  6  7  8 |
---------------+-------------------------+-----
Unarmed Combat | 4 5 7 8 9 11 | 11.4
Fighting       | |  2.5
Dodging        | |  2.6

Action                   |  1- 3 |  4- 6 |  7- 9 || total
-------------------------+-------+-------+-------++-------
Melee: Unarmed           |    82 |   144 |   130 ||   356
       Punch             |       |     3 |     4 ||     7
Invok: Berserk           |     1 |     3 |     2 ||     6
  Use: Potion            |       |     2 |     3 ||     5
       Scroll            |       |       |     1 ||     1
 Stab: Sleeping          |       |     1 |       ||     1
  Eat: Chunk             |     2 |    10 |     9 ||    21
       Ration            |     2 |     3 |     3 ||     8
Armor: Animal skin       |    17 |       |       ||    17
       Robe              |    32 |    65 |    35 ||   132
       Skin              |       |       |    10 ||    10
Dodge: Dodged            |    55 |   125 |    72 ||   252
